 Dungeon Crawl Stone Soup version 0.24.0-37-gcf1ca852f1 (webtiles) character file.

Game seed: 15457454749410807726, levelgen mode: deterministic

69407 Mesmaeker13 the Geomancer (level 14, -38/83 HPs)
             Began as a Purple Draconian Earth Elementalist on Dec 6, 2019.
             Was the Champion of Hepliaklqana.
             Killed from afar by Jorgrun (65 damage)
             ... with an iron shot
             ... on level 13 of the Dungeon on Dec 8, 2019.
             The game lasted 01:09:49 (32498 turns).

Mesmaeker13 the Geomancer (DrEE)                   Turns: 32498, Time: 01:09:50

Health: -38/83     AC: 13    Str: 11    XL:     14   Next: 90%
Magic:  10/26      EV: 14    Int: 21    God:    Hepliaklqana [******]
Gold:   1719       SH: 11    Dex: 11    Spells: 18/30 levels left

rFire    + . .     SeeInvis +   Q - +4 trident (freeze)
rCold    . . .     Gourm    .   B - +0 shield
rNeg     . . .     Faith    .   (armour unavailable)
rPois    +         Spirit   .   (helmet restricted)
rElec    .         Reflect  .   (no cloak)
rCorr    .         Harm     .   t - +1 pair of gloves
MR       ++...                  v - +2 pair of boots
Stlth    ++........             F - amulet of regeneration
HPRegen  0.63/turn              y - ring of see invisible
MPRegen  0.20/turn              E - ring of protection from fire

@: grasped by roots, constricted, studying Staves
A: breathe power, unfitting armour, reduced essence, hooves 1, poison
resistance, cold-blooded, AC +8
a: Breathe Dispelling Energy, Recall Ancestor, Ancestor Identity, Transference,
Idealise, Renounce Religion


You were on level 13 of the Dungeon.
You worshipped Hepliaklqana.
Hepliaklqana was exalted by your worship.
You were not hungry.

You visited 2 branches of the dungeon, and saw 20 of its levels.
You also visited: Sewer.

You collected 1895 gold pieces.
You spent 176 gold pieces at shops.

Inventory:

Hand Weapons
 Q - a +4 trident of freezing (weapon)
Missiles
 b - 75 stones (quivered)
Armour
 t - a +1 pair of gloves (worn)
 v - a +2 pair of boots (worn)
 B - a +0 shield (worn)
Magical Staves
 G - an uncursed staff of wizardry
Jewellery
 a - an uncursed ring of resist corrosion
 k - an uncursed ring of positive energy
 y - a ring of see invisible (left hand)
 C - an uncursed amulet of the acrobat
 E - a ring of protection from fire (right hand)
 F - an amulet of regeneration (around neck)
 I - an uncursed ring of protection from magic
 M - the ring of Sohyes {Int+2 Stlth+, unknown}
   (You found it on level 13 of the Dungeon)

   [ring of stealth]

   It affects your intelligence (+2).
   It makes you more stealthy.
Wands
 n - a wand of clouds (5)
 u - a wand of digging (7)
 J - a wand of disintegration (2)
Scrolls
 d - 4 scrolls of enchant weapon
 f - 2 scrolls of enchant armour
 g - a scroll of magic mapping
 j - 2 scrolls of blinking
 m - a scroll of silence
 o - 3 scrolls of noise
 p - 2 scrolls of torment
 q - 3 scrolls of amnesia
 r - 2 scrolls of immolation
 x - 6 scrolls of remove curse
 z - 7 scrolls of teleportation
 P - a scroll of vulnerability
Potions
 h - 2 potions of lignification {unknown}
 i - 3 potions of haste
 l - a potion of magic
 s - 2 potions of might
 w - 4 potions of brilliance
 A - a potion of heal wounds
 D - a potion of ambrosia {unknown}
 H - 3 potions of flight
 K - a potion of invisibility {unknown}
 L - a potion of agility
 N - 4 potions of curing
 S - a potion of mutation
Books
 e - a manual of Staves
Comestibles
 c - 29 rations


   Skills:
 + Level 12.5 Dodging
 - Level 1.7 Stealth
 + Level 10.0 Shields
 - Level 8.5 Spellcasting
 - Level 12.1 Conjurations
   Level 1.0 Transmutations
 - Level 4.1 Air Magic
 + Level 13.7 Earth Magic
 - Level 4.2 Poison Magic
 + Level 3.3 Invocations


You had 18 spell levels left.
You knew the following spells:

 Your Spells              Type           Power        Failure   Level  Hunger
a - Sandblast             Erth           ######       1%          1    None
b - Stone Arrow           Conj/Erth      ######       1%          3    None
c - Lee's Rapid Deconstr  Erth           ######....   1%          5    #####..
d - Mephitic Cloud        Conj/Pois/Air  #####...     2%          3    None

Your spell library contained the following spells:

 Spells                   Type           Power        Failure   Level  Hunger
 Magic Dart               Conj           ####         1%          1    None
 Shock                    Conj/Air       ####         1%          1    None
 Passwall                 Tmut/Erth      #####...     1%          2    None
 Static Discharge         Conj/Air       #####...     1%          3    None
 Conjure Flame            Conj/Fire      ####....     3%          3    None
 Petrify                  Tmut/Erth      #####...     7%          4    ###....
 Beastly Appendage        Tmut           ##....       10%         1    None
 Swiftness                Chrm/Air       ###.....     10%         2    None
 Apportation              Tloc           #.....       14%         1    None
 Summon Butterflies       Summ           #.......     14%         1    None
 Sticks to Snakes         Tmut           ##......     14%         2    None
 Spider Form              Tmut/Pois      ###.......   14%         3    None
 Lightning Bolt           Conj/Air       #####.....   14%         5    #####..
 Blink                    Tloc           N/A          22%         2    None
 Call Imp                 Summ           #.......     22%         2    None
 Slow                     Hex            #.......     22%         2    None
 Airstrike                Air            ####......   26%         4    ###....
 Lesser Beckoning         Tloc           #.........   41%         3    None
 Tukima's Dance           Hex            #.......     41%         3    None
 Ice Form                 Ice/Tmut       ##......     75%         4    ###....
 Alistair's Intoxication  Tmut/Pois      ###.....     80%         5    #####..
 Blade Hands              Tmut           ##........   95%         5    #####..
 Invisibility             Hex            #.......     100%        6    ######.


Dungeon Overview and Level Annotations

Branches:
Dungeon (14/15)            Temple (0/1) D:5            Lair (6/6) D:9
  Swamp (0/4) Lair:2        Snake (0/4) Lair:4        Slime (0/5) Lair:6
    Orc (0/2) D:12         Vaults (0/5) D:13          Sewer (visited)

Altars:
Elyvilon
Fedhas
Hepliaklqana
Makhleb
Uskayaw
Beogh
Jiyva

Shops:
D:11 !

Annotations:
D:5 2 transporters, Iamsoldier's ghost, novice GrEE
D:13 Jorgrun
Lair:1 3 runed translucent doors, Sammaje's ghost, novice MiBe
Lair:5 3 runed translucent doors, Imumygh's ghost, journeyman HOMo


Innate Abilities, Weirdness & Mutations

You can breathe bolts of dispelling energy.
Your rich purple scales are hard. (AC +8)
You cannot fit into any form of body armour.
You are cold-blooded and may be slowed by cold attacks.
Your life essence is reduced to manifest your ancestor. (-10% HP)
You have large cloven feet.
Your system is resistant to poisons. (rPois)


Message History

You create a blast of freezing vapour!
Jorgrun is engulfed in freezing vapours.
Jorgrun points at you and mumbles some strange words.
Roots burst forth from the earth!
The grasping roots grab you! The grasping roots constrict you.
Unknown command.
Casting: Stone Arrow (safe; 1% risk of failure)
Confirm with . or Enter, or press ? or * to list all spells.
Aiming: Stone Arrow (safe; 1% risk of failure)
Press: ? - help, Shift-Dir - straight line, f/p - Jorgrun
Aim: Jorgrun, wielding a +0 quarterstaff of crushing and wearing a +2 robe of magic resistance (freezing vapour, severely wounded)
The stone arrow misses Jorgrun.
Belessunu is engulfed in freezing vapours.
Belessunu closely misses Jorgrun.
Jorgrun is engulfed in freezing vapours.
Jorgrun gestures at you while chanting. The iron shot hits you!!!
Ouch! That really hurt!
You die...

..######....#....######.#..,.....
.....................)#,....,.##.
...W.u...$..$.##......#..,..#####
.............○##......#...,#.#..#
............)§°.......#...,##.##.
§.#,,,,,,,,,#.○§.#....#...*#.#..#
..#,,,,,,,,,#Rg§..........##.#}.#
..#,,,,,.,,.#§§§§..##...#..##.##.
W.#,,,,,....#..§@..##...#..#.#R.#
..#,,,,,....#.......9...#...#####
..######....######W...#.#.....##.
........................#.....)W.
.!.....####.^...###########@)####
...c.#......#....#######* #.##
.###.#....)##.##........###.#
.,,#.#.....(#.##...####.....#
,*,#.#..###(.............####


You could see the friendly Belessunu the knight, Jorgrun, a wraith and a
gargoyle.

Vanquished Creatures
  2 entropy weavers (Lair:6)
  Josephine (D:14)
  Erolcha (D:10)
  Harold (D:7)
  6 hydras
  A centaur warrior (D:13)
  2 two-headed ogres
  A dancing weapon (D:13)
  2 tengu warriors
  A glowing orange brain (shapeshifter) (D:12)
  3 lindwurms (Lair:6)
  A deep elf archer (D:12)
  2 deep elf magi
  6 ugly things
  2 manticores
  3 cyclopes
  6 elephants (Lair:6)
  8 black mambas
  4 torpor snails (Lair:6)
  A gargoyle (D:12)
  14 spiny frogs
  A yaktaur (D:13)
  2 rime drakes (Lair:6)
  6 komodo dragons
  2 efreet
  4 tyrant leeches (Lair:6)
  2 trolls
  8 hornets (Lair:6)
  A polar bear (Lair:2)
  15 blink frogs
  8 hippogriffs
  A dream sheep (Lair:6)
  2 wraiths (D:13)
  A water elemental (D:14)
  2 wyverns
  A yak (shapeshifter) (D:13)
  2 shadows
  27 yaks
  2 hungry ghosts
  Menkaure (D:6)
  A steam dragon (Lair:3)
  2 basilisks
  2 acid dragons
  5 soldier ants (Lair:6)
  14 water moccasins
  6 porcupines
  7 orc warriors
  3 phantoms
  A black bear (D:10)
  7 ogres
  A sky beast (D:4)
  2 necrophages (Lair:2)
  8 wolves
  6 centaurs
  7 crocodiles
  4 big kobolds
  5 bullfrogs
  A gnoll sergeant (D:11)
  2 wyvern zombies (D:11)
  3 scorpions
  3 killer bees
  9 wights
  7 electric eels
  3 howler monkeys
  3 centaur zombies
  A crimson imp (D:11)
  A quasit (D:8)
  2 hounds (D:7)
  2 jellies
  3 centaur skeletons
  3 orc priests
  3 bullfrog skeletons
  2 iguanas
  19 worker ants
  14 orc wizards
  A killer bee zombie (D:9)
  A hound zombie (D:5)
  A hound skeleton (D:6)
  16 adders
  3 gnolls (D:11)
  7 river rats
  2 shadow imps
  2 oozes
  4 worms
  2 dart slugs
  A leopard gecko (D:3)
  47 orcs
  3 giant cockroaches
  5 goblins
  6 hobgoblins
  5 jackals
  3 quokkas
  3 ball pythons
  8 bats
  13 frilled lizards
  12 kobolds
  A leopard gecko skeleton (D:4)
  A leopard gecko zombie (D:6)
  14 rats
479 creatures vanquished.

Vanquished Creatures (collateral kills)
  A fire dragon (Lair:6)
  A hydra (Lair:5)
  A catoblepas (Lair:6)
  A centaur warrior (D:12)
  A dancing weapon (D:13)
  A queen ant (Lair:6)
  An unseen horror (D:10)
  An orc knight (D:12)
  An ugly thing (D:14)
  A manticore (Lair:6)
  2 elephants
  A black mamba (Lair:2)
  A centaur zombie (D:12)
  A torpor snail (Lair:6)
  A komodo dragon (Lair:4)
  A freezing wraith (D:12)
  An efreet (D:12)
  A polar bear (Lair:3)
  3 blink frogs
  3 hippogriffs
  A wyvern (Lair:5)
  14 yaks
  2 water moccasins
  3 soldier ants (Lair:6)
  2 orc warriors
  A sky beast (D:9)
  2 necrophages (Lair:2)
  3 wolves
  A centaur (D:13)
  4 crocodiles
  3 bullfrogs
  A killer bee (D:8)
  7 wights
  A crimson imp (D:11)
  3 jellies
  2 orc priests
  2 hounds (D:11)
  2 orc wizards (D:11)
  An iguana (D:8)
  3 worker ants
  A hound skeleton (D:9)
  8 adders
  A howler monkey skeleton (D:7)
  A shadow imp (D:6)
  A leopard gecko (D:11)
  18 orcs
  A jackal (D:8)
  7 kobolds
  2 plants (Lair:6)
123 creatures vanquished.

Vanquished Creatures (others)
  A wolf (Lair:6)
  A wight (D:12)
  A bullfrog skeleton (D:13)
  14 knights
  8 ancestors
  A leopard gecko (D:10)
  A quokka (D:4)
  5 fungi
  35 plants
67 creatures vanquished.

Grand Total: 669 creatures vanquished

Notes
Turn   | Place    | Note
-------+----------+-------------------------------------------
     0 | D:1      | Mesmaeker13 the Draconian Earth Elementalist began the
                  | quest for the Orb.
     0 | D:1      | Reached XP level 1. HP: 14/14 MP: 3/3
   642 | D:1      | Reached XP level 2. HP: 19/20 MP: 5/5
  1205 | D:2      | Reached XP level 3. HP: 20/26 MP: 2/6
  1321 | D:2      | Learned a level 3 spell: Stone Arrow
  1584 | D:2      | Reached XP level 4. HP: 21/33 MP: 8/8
  1844 | D:2      | Found a hazy altar of Hepliaklqana.
  2062 | D:2      | Reached skill level 4 in Earth Magic
  2515 | D:3      | Noticed an ogre
  2523 | D:3      | Killed an ogre
  2523 | D:3      | Reached skill level 1 in Conjurations
  2523 | D:3      | Reached XP level 5. HP: 38/38 MP: 3/10
  2807 | D:3      | Found a glowing drain.
  2811 | Sewer    | Entered a sewer
  2959 | Sewer    | Reached XP level 6. HP: 45/45 MP: 8/11
  3386 | D:3      | Found a faded altar of an unknown god.
  4049 | D:4      | Found a white marble altar of Elyvilon.
  4910 | D:4      | Reached skill level 5 in Earth Magic
  4910 | D:4      | Your scales start taking on a rich purple colour.
  4910 | D:4      | Reached XP level 7. HP: 50/50 MP: 2/14
  5109 | D:4      | Reached skill level 5 in Spellcasting
  5796 | D:5      | Entered Level 5 of the Dungeon
  5796 | D:5      | Found a burning altar of Makhleb.
  6232 | D:4      | Reached XP level 8. HP: 33/57 MP: 1/16
  7176 | D:5      | Noticed a hornet
  7187 | D:5      | Noticed Iamsoldier's ghost (novice GrEE)
  7268 | D:5      | Found a transporter.
  7272 | D:5      | Found a transporter.
  7420 | D:5      | Found a staircase to the Ecumenical Temple.
  7923 | D:5      | Learned a level 5 spell: Lee's Rapid Deconstruction
  8103 | D:6      | Reached skill level 5 in Dodging
  8210 | D:6      | Noticed a hippogriff
  8231 | D:6      | Reached skill level 6 in Earth Magic
  8235 | D:6      | Killed a hippogriff
  8607 | D:6      | Noticed Menkaure
  8769 | D:2      | Became a worshipper of Hepliaklqana the Forgotten
  9104 | D:6      | Killed Menkaure
  9848 | D:7      | Reached skill level 5 in Conjurations
  9957 | D:7      | Noticed Harold
  9980 | D:7      | Killed Harold
  9980 | D:7      | Reached skill level 7 in Earth Magic
  9980 | D:7      | Reached XP level 9. HP: 31/55 MP: 2/20
 10239 | D:7      | Found a blossoming altar of Fedhas.
 10520 | D:7      | Reached * piety under Hepliaklqana
 10968 | D:8      | Gained mutation: You have large cloven feet. [potion of
                  | mutation]
 10968 | D:8      | Gained mutation: Your system is resistant to poisons.
                  | (rPois) [potion of mutation]
 11358 | D:8      | Reached skill level 8 in Earth Magic
 11470 | D:8      | Reached XP level 10. HP: 62/62 MP: 15/22
 12077 | D:9      | Learned a level 3 spell: Mephitic Cloud
 12233 | D:9      | Found a staircase to the Lair.
 12451 | D:9      | Reached skill level 1 in Air Magic
 12564 | D:9      | Found a roughly hewn altar of Beogh.
 13265 | D:10     | Entered Level 10 of the Dungeon
 13489 | D:10     | Reached ** piety under Hepliaklqana
 13492 | D:10     | Remembered your ancestor Belessunu as a knight
 13495 | D:10     | Found a hide-covered altar of Uskayaw.
 13878 | D:10     | Noticed Erolcha
 13891 | D:10     | Killed Erolcha
 13891 | D:10     | Reached skill level 9 in Earth Magic
 14082 | D:10     | Killed an unseen horror
 14082 | D:10     | Reached XP level 11. HP: 61/66 MP: 23/23
 14279 | Lair:1   | Entered Level 1 of the Lair of Beasts
 14520 | Lair:1   | Reached skill level 1 in Poison Magic
 14532 | Lair:1   | Found a runed translucent gate.
 14536 | Lair:1   | HP: 2/66 [spiny frog (25)]
 14925 | Lair:1   | Found a runed translucent gate.
 14925 | Lair:1   | Found a runed translucent gate.
 14926 | Lair:1   | Noticed Sammaje's ghost (novice MiBe)
 14927 | Lair:1   | Noticed a death ooze
 14928 | Lair:1   | Found a viscous altar of Jiyva.
 15422 | Lair:1   | Reached *** piety under Hepliaklqana
 16363 | Lair:2   | Reached skill level 10 in Earth Magic
 16857 | Lair:2   | Found a staircase to the Swamp.
 17492 | Lair:2   | Noticed a six-headed hydra
 17500 | Lair:2   | Killed a six-headed hydra
 17500 | Lair:2   | Reached skill level 1 in Shields
 17991 | Lair:2   | Reached XP level 12. HP: 67/72 MP: 8/24
 18076 | Lair:2   | Noticed a four-headed hydra
 18088 | Lair:2   | Killed a four-headed hydra
 18347 | Lair:2   | Reached **** piety under Hepliaklqana
 18820 | Lair:3   | Reached skill level 10 in Conjurations
 19944 | Lair:4   | Reached skill level 11 in Earth Magic
 19967 | Lair:4   | Reached skill level 10 in Dodging
 20348 | Lair:4   | Found a staircase to the Snake Pit.
 20480 | Lair:4   | Reached skill level 5 in Shields
 20851 | Lair:4   | Reached ***** piety under Hepliaklqana
 21533 | Lair:5   | Noticed a four-headed hydra
 21542 | Lair:5   | Killed a four-headed hydra
 21554 | Lair:5   | Reached XP level 13. HP: 48/77 MP: 5/25
 21793 | Lair:5   | Found a runed translucent gate.
 21794 | Lair:5   | Found a runed translucent gate.
 21795 | Lair:5   | Found a runed translucent gate.
 21795 | Lair:5   | Noticed a death ooze
 21799 | Lair:5   | Noticed Imumygh's ghost (journeyman HOMo)
 21803 | Lair:5   | Found a viscous altar of Jiyva.
 22353 | Lair:6   | Entered Level 6 of the Lair of Beasts
 22490 | Lair:6   | Found a viscous altar of Jiyva.
 22490 | Lair:6   | Found a staircase to the Slime Pits.
 22691 | Lair:6   | Noticed an entropy weaver
 22692 | Lair:6   | Noticed an entropy weaver
 22697 | Lair:6   | Killed an entropy weaver
 23023 | Lair:6   | Killed an entropy weaver
 23391 | Lair:6   | Reached skill level 12 in Earth Magic
 25940 | Lair:6   | Found a runed translucent door.
 25940 | Lair:6   | Noticed a fire dragon
 26135 | Lair:6   | Reached XP level 14. HP: 72/83 MP: 2/26
 26732 | Lair:6   | Found the +3 robe of Clouds {+Thunder rCloud rElec}
 28680 | D:11     | Found Lawepto's Distillery.
 28688 | D:11     | Bought a potion of curing for 48 gold pieces
 28688 | D:11     | Bought a potion of curing for 48 gold pieces
 28688 | D:11     | Bought a potion of heal wounds for 80 gold pieces
 28885 | D:12     | Reached skill level 13 in Earth Magic
 29123 | D:12     | Found a staircase to the Orcish Mines.
 29261 | D:12     | Found a gate leading to a gauntlet.
 30081 | D:13     | Noticed Josephine
 30362 | D:14     | Reached skill level 1 in Invocations
 30368 | D:14     | HP: 1/83 [white ugly thing (35)]
 30748 | D:14     | Killed Josephine
 31135 | D:14     | Reached ****** piety under Hepliaklqana
 32240 | D:13     | Noticed Jorgrun
 32241 | D:13     | Reached skill level 10 in Shields
 32333 | D:13     | Found a gate to the Vaults.
 32408 | D:13     | Got a heavily runed brass ring
 32498 | D:13     | Killed from afar by Jorgrun

Levels and vault maps discovered:
D:1:      dpeg_arrival_pits, layout_loops_ring
D:2:      layout_basic, nicolae_overflow_hidden_temple
D:3:      layout_loops_ring, gup_sewer_entry_spiral,
          chequers_ecumenical_altar_simple_redux
D:4:      layout_layer_cave, elyvilon_altar_4
D:5:      layout_layer_cave, bloody_makhleb, minmay_temple_entry_offerings,
          gammafunk_ghost_hive, first_ration
D:6:      layout_basic, minmay_manual_maat, uniq_menkaure
D:7:      layout_cave_pools, fedhas_altar_3, uniq_harold
D:8:      layout_rooms, hangedman_ranch [blue_anna_fruit_fields]
D:9:      layout_roguey [special_room_orc], lair_entry_dummy, skrybe_limestone_x
D:10:     layout_loops_ring, basic_altar, kennysheep_generic_room_9,
          uniq_erolcha
D:11:     wad_river_or_something, layout_long_grid, serial_shops,
          kennysheep_little_box
D:12:     layout_basic, david_orc_2, gauntlet_entry_generic, minivault_28
D:13:     minmay_cut_squares, layout_basic, erik_vaults_1, minivault_22,
          uniq_josephine, uniq_jorgrun
D:14:     layout_gridville, ebering_dispersal_statue_hall
Lair:1:   layout_layer_cave, gammafunk_ghost_ooze, small_statue_intersection
Lair:2:   layout_long_grid, minmay_swamp_entry_eels, roderic_carrion_pond
Lair:3:   layout_chaotic_city
Lair:4:   layout_gridlike, minmay_snake_entry_six_corridors,
          serial_bayou_lagoon_a
Lair:5:   layout_loops_ring, gammafunk_ghost_ooze, serial_bayou_crossing,
          infiniplex_staircase_pool_2, serial_bayou_shore_b, grunt_megastairs_2
Lair:6:   hangedman_lair_in_review, layout_small_grid, wormcave,
          dpeg_slime_entry_enclosed_altar, minmay_another_anthill

Skill      XL: |  1  2  3  4  5  6  7  8  9 10 11 12 13 14 |
---------------+-------------------------------------------+-----
Dodging        | 2 3 4 6 8 9 10 11 12 | 12.5
Spellcasting   | 3 4 5 7 8 |  8.5
Earth Magic    | 4 5 7 8 9 10 11 12 13 | 13.7
Conjurations   | 1 2 3 5 6 8 9 10 12 | 12.1
Air Magic      | 4 |  4.1
Poison Magic   | 4 |  4.2
Shields        | 2 5 7 10 | 10.0
Invocations    | 3 |  3.3
Stealth        | |  1.7
Transmutations | |  1.0

Action                   |  1- 3 |  4- 6 |  7- 9 | 10-12 | 13-15 || total
-------------------------+-------+-------+-------+-------+-------++-------
Melee: Short sword       |    88 |   134 |    55 |   156 |    28 ||   461
       Tailslap          |    10 |     9 |    12 |    17 |    24 ||    72
       Unarmed           |     2 |       |       |       |       ||     2
       Spear             |       |       |    86 |       |       ||    86
       Whip              |       |       |    11 |       |       ||    11
       Trident           |       |       |       |       |   193 ||   193
Throw: Javelin           |       |       |     6 |       |       ||     6
       Stone             |       |       |     2 |       |       ||     2
       Throwing net      |       |       |     1 |     4 |     2 ||     7
 Cast: Sandblast         |     8 |    66 |    33 |   155 |   259 ||   521
       Stone Arrow       |       |    13 |   105 |   134 |   151 ||   403
       Lee's Rapid Decon |       |       |     5 |    28 |    49 ||    82
       Mephitic Cloud    |       |       |       |     1 |     4 ||     5
Invok: Recall Ancestor   |       |       |     2 |     2 |     3 ||     7
       Ancestor Life: Kn |       |       |       |     1 |       ||     1
 Abil: Breathe Dispellin |       |       |     4 |     4 |     4 ||    12
Evoke: Wand              |     5 |     5 |     9 |     7 |    26 ||    52
  Use: Scroll            |     1 |     7 |    11 |    14 |    19 ||    52
       Potion            |       |       |     5 |     3 |     5 ||    13
 Stab: Sleeping          |     2 |     5 |       |       |     2 ||     9
       Held in net/web   |       |       |       |       |     1 ||     1
       Paralysed         |       |       |       |       |     5 ||     5
       Distracted        |       |       |       |       |     2 ||     2
  Eat: Chunk             |     2 |     9 |    11 |    23 |    29 ||    74
       Ration            |       |     1 |     4 |     5 |     5 ||    15
Armor: Skin              |    30 |    63 |    61 |    75 |    75 ||   304
Dodge: Dodged            |    62 |   151 |   194 |   270 |   288 ||   965
Block: Shield            |       |       |       |       |   111 ||   111
